 Dungeon Crawl Stone Soup version 0.31-a0-459-gc8a9bf3d51 (webtiles) character file.

Game seed: 6192564642261133667

7024 GordonOverkill the Slicer (level 11, 0/81 HPs)
             Began as an Octopode Delver on Aug 4, 2023.
             Was a Priest of Vehumet.
             Slain by a manticore (16 damage)
             ... on level 11 of the Dungeon.
             The game lasted 00:35:31 (15062 turns).

GordonOverkill the Slicer (Octopode Delver)        Turns: 15062, Time: 00:35:31

Health: 0/81       AC:  1    Str: 12    XL:     11   Next: 8%
Magic:  19/19      EV: 13    Int: 17    God:    Vehumet [***...]
Gold:   601        SH:  0    Dex: 13    Spells: 11/21 levels left

rFire   . . .        l - +1 dagger (venom)
rCold   . . .        (no shield)
rNeg    . . .        (helmet restricted)
rPois   .            e - amulet of the acrobat
rElec   .            F - ring of wizardry
rCorr   .            (no ring)
SInv    .            (no ring)
Will    .....        (no ring)
Stlth   ++++         (no ring)
HPRegen 0.33/turn    (no ring)
MPRegen 0.16/turn    (no ring)
                     (no ring)

%: acrobat, wizardry (x1)
@: hasted, studying Translocations, very quick
A: almost no armour, amphibious, 8 rings, camouflage 1, gelatinous body 1,
(nimble swimmer 1), tentacles
a: Renounce Religion


You were on level 11 of the Dungeon.
You worshipped Vehumet.
Vehumet was most pleased with you.
You visited 1 branch of the dungeon, and saw 11 of its levels.

You collected 625 gold pieces.
You spent 24 gold pieces at shops.

Inventory:

Hand Weapons
 l - a +1 dagger of venom (weapon)
Missiles
 t - 7 poisoned darts (quivered)
 A - a curare-tipped dart
 I - 3 javelins
 N - 4 atropa-tipped darts
Jewellery
 e - an amulet of the acrobat (around mantle)
 o - a ring of ice
 q - an amulet of reflection
 F - a ring of wizardry (left tentacle)
Wands
 f - a wand of digging (8)
 D - a wand of flame (14)
 E - a wand of mindburst (3)
 H - a wand of charming (2)
Scrolls
 a - 4 scrolls of poison
 b - 2 scrolls of fog
 c - 6 scrolls of revelation
 g - a scroll of torment {unknown}
 h - a scroll of immolation {unknown}
 i - a scroll of butterflies {unknown}
 j - a scroll of amnesia {unknown}
 p - a scroll of blinking
 u - 2 scrolls of identify
 x - 3 scrolls of teleportation {unknown}
 y - 2 scrolls of noise {unknown}
 J - a scroll of silence {unknown}
 K - a scroll of vulnerability {unknown}
 L - a scroll of enchant weapon {unknown}
Potions
 d - 2 potions of magic {unknown}
 k - a potion of resistance
 m - 2 potions of lignification
 n - a potion of attraction {unknown}
 r - a potion of degeneration {unknown}
 s - 3 potions of might {unknown}
 v - 4 potions of enlightenment
 w - 2 potions of ambrosia {unknown}
 z - 2 potions of mutation
 B - 3 potions of brilliance {unknown}
 C - a potion of heal wounds {unknown}
 G - 2 potions of cancellation {unknown}


   Skills:
 - Level 10.0 Fighting
 - Level 10.0 Short Blades
 - Level 2.0 Throwing
 - Level 2.0 Dodging
 - Level 6.6 Stealth
 + Level 5.9 Spellcasting
 + Level 7.0 Translocations
 - Level 5.0 Evocations


You had 11 spell levels left.
You knew the following spells:

 Your Spells              Type           Power      Damage    Failure   Level
a - Apportation           Tloc           58%        N/A       1%          1
b - Dispersal             Tloc           14%        N/A       38%         6
c - Teleport Other        Tloc           29%        N/A       1%          3

Your spell library contained the following spells:

 Spells                   Type           Power      Damage    Failure   Level
 Mephitic Cloud           Conj/Pois/Air  5%         N/A       4%          3
 Sandblast                Erth           10%        2d5       1%          1
 Gell's Gravitas          Tloc           29%        N/A       1%          3
 Stone Arrow              Conj/Erth      10%        3d7       4%          3
 Necrotise                Necr           20%        1d5       5%          1
 Summon Small Mammal      Summ           20%        N/A       5%          1
 Passwall                 Tmut/Erth      4%         N/A       9%          2
 Alistair's Intoxication  Tmut/Pois      3%         N/A       78%         5


Dungeon Overview and Level Annotations

Branches:
Dungeon (11/15)            Temple (0/1) D:4            Lair (0/5) D:10
    Orc (0/2) D:10

Altars:
Gozag
Makhleb
Qazlal
Ru
Sif Muna
Vehumet
Xom

Shops:
D:2 *   D:3 (   D:6 *   D:7 !

Annotations:
D:6 exclusion: downstairs
D:9 exclusion: downstairs
D:10 1 runed translucent door, 1 transporter, exclusions: 2 downstairs and upstairs, mertasd123's ghost, journeyman GnFi


Innate Abilities, Weirdness & Mutations

You cannot wear most types of armour.
You are amphibious.
You can wear up to eight rings at the same time.
Your skin changes colour to match your surroundings (Stealth+).
Your rubbery body absorbs attacks. (AC +1, EV +1)
((You are camouflaged when in or above water. (Stealth+)))
You have tentacles for arms and can constrict up to eight enemies at once.


Message History

The wyvern is heavily wounded.
Unknown command.
The wyvern attacks as you move away! The wyvern bites you.
The wyvern misses you. The wyvern attacks as you move away!
The wyvern bites you but does no damage.
The wyvern attacks as you move away! The wyvern completely misses you. x2
You hit the wyvern but do no damage.
The wyvern looks as sick as possible!
You squeeze the wyvern.
You kill the wyvern!
Vehumet accepts your kill.
Your Translocations skill increases to level 7!
Unknown command.
You start resting.
A manticore is nearby!
The manticore bites you!!
* * * LOW HITPOINT WARNING * * *
The manticore claws you!
* * * LOW HITPOINT WARNING * * *
The manticore claws you.
* * * LOW HITPOINT WARNING * * *
You feel yourself speed up. The manticore bites you.
* * * LOW HITPOINT WARNING * * *
The manticore barely misses you. The manticore claws you!
* * * LOW HITPOINT WARNING * * *
Okay, then.
Okay, then.
You hit the manticore but do no damage.
Unknown command.
Aiming: Mindburst
Press: ? - help, Shift-Dir - straight line, f - manticore
Aim: a manticore (chance to affect: 67%)
The manticore's mind is blasted!!
The manticore bites you!
* * * LOW HITPOINT WARNING * * *
The manticore closely misses you. The manticore barely misses you.
Aiming: Mindburst
Press: ? - help, Shift-Dir - straight line, f/p - manticore
Aim: a manticore (heavily wounded, chance to affect: 67%)
The manticore struggles to resist.
The manticore bites you!
You die...

#. ..#.# #.#.# #.#....
#.#.# ### #.#....
###'#'###.. #.#....
#.......#.#### #.#...
#.......#.#.. #.#..
.###.....@.#.#.# #.#.#
.......#H###(#.#####.#.###
..........................
....$..#.###.#.#####......
....##.#.....#.#####...###
... #.#..##.#.......).# .
#.#.H##########...# #.#...
#.#.# #.#.### #.#.#


You could see a manticore.

Vanquished Creatures
  A two-headed ogre (D:6)
  An unseen horror (D:8)
  2 hornets
  A troll (D:10)
  2 wyverns
  A wraith (D:9)
  A shadow (D:11)
  10 yaks
  2 water moccasins
  A black bear (D:5)
  An ice beast (D:7)
  6 orc warriors
  2 centaurs
  2 kobold brigands
  7 bullfrogs
  6 scorpions
  5 wights (D:5)
  2 howler monkeys
  An electric eel (D:10)
  3 hounds
  4 orc priests
  Crazy Yiuf (D:4)
  A gnoll bouda (D:5)
  3 jellies
  12 orc wizards
  Ijyb (D:5)
  A sleepcap (D:4)
  4 iguanas
  15 gnolls
  5 adders
  A shadow imp (D:5)
  A white imp (D:8)
  27 orcs
  4 endoplasms
  3 giant cockroaches
  10 goblins
  8 hobgoblins
  7 jackals
  3 quokkas
  7 ball pythons
  5 bats
  4 frilled lizards
  13 kobolds
  6 rats
  4 butterflies
207 creatures vanquished.

Notes
Turn   | Place    | Note
-------+----------+-------------------------------------------
     0 | D:5      | GordonOverkill the Octopode Delver began the quest for the
                  | Orb.
     0 | D:5      | Reached XP level 1. HP: 16/16 MP: 1/1
     9 | D:5      | Noticed a scorpion
    10 | D:5      | Noticed a scorpion
    21 | D:5      | Noticed a scorpion
    33 | D:6      | Noticed a hound
    33 | D:6      | Found a burning altar of Makhleb.
    35 | D:6      | Noticed a scorpion
    36 | D:6      | Killed a hound
    37 | D:6      | Reached XP level 2. HP: 21/21 MP: 2/2
    37 | D:6      | Reached XP level 3. HP: 26/26 MP: 3/3
   289 | D:7      | Noticed an ice beast
   313 | D:6      | Reached XP level 4. HP: 29/31 MP: 4/4
   419 | D:6      | Found a shimmering blue altar of Sif Muna.
   614 | D:5      | Reached skill level 5 in Short Blades
   614 | D:5      | Reached XP level 5. HP: 19/36 MP: 5/5
   917 | D:6      | Noticed a two-headed ogre
   919 | D:6      | Noticed a kobold brigand
   926 | D:6      | Killed a two-headed ogre
   927 | D:6      | Reached XP level 6. HP: 42/42 MP: 6/6
   927 | D:6      | Reached XP level 7. HP: 46/46 MP: 7/7
  1230 | D:6      | Found Loovukhe's Gadget Gallery.
  1456 | D:6      | Reached XP level 8. HP: 29/52 MP: 8/8
  1671 | D:6      | Reached skill level 1 in Throwing
  2560 | D:6      | Found a shimmering blue altar of Sif Muna.
  2571 | D:6      | Found a burning altar of Makhleb.
  2673 | D:6      | Found Loovukhe's Gadget Gallery.
  3251 | D:7      | Found Qomach's Distillery.
  3261 | D:7      | Found a shimmering altar of Xom.
  3289 | D:7      | Noticed a hornet
  3566 | D:7      | Reached skill level 10 in Short Blades
  3930 | D:9      | Reached skill level 5 in Fighting
  3956 | D:9      | Noticed a wraith
  4146 | D:9      | Reached XP level 9. HP: 62/62 MP: 9/9
  4203 | D:10     | Entered Level 10 of the Dungeon
  4203 | D:10     | Noticed a gargoyle
  4404 | D:10     | Noticed a troll
  4647 | D:8      | Killed an unseen horror
  5774 | D:5      | Reached skill level 1 in Translocations
  5831 | D:5      | Reached skill level 1 in Spellcasting
  6025 | D:5      | Reached XP level 10. HP: 67/73 MP: 12/12
  6089 | D:5      | Found a radiant altar of Vehumet.
  6097 | D:5      | Became a worshipper of Vehumet
  6105 | D:5      | Noticed Ijyb
  6573 | D:4      | Found a staircase to the Ecumenical Temple.
  6580 | D:4      | Found a stormy altar of Qazlal.
  7002 | D:2      | Reached * piety under Vehumet
  7002 | D:2      | Offered knowledge of Shock by Vehumet.
  7072 | D:2      | Found Keitwu's General Store.
  7102 | D:2      | Bought a scroll of identify for 24 gold pieces
  7820 | D:1      | Reached ** piety under Vehumet
  7961 | D:2      | Offered knowledge of Sandblast by Vehumet.
  9030 | D:3      | Found Sakhupue's Antique Weapon Boutique.
  9216 | D:4      | Found a runed translucent door.
  9217 | D:4      | Noticed Crazy Yiuf
  9799 | D:4      | Killed Crazy Yiuf
  9844 | D:5      | Found a sacrificial altar of Ru.
  9849 | D:5      | Found an opulent altar of Gozag.
 10456 | D:5      | Killed Ijyb
 10783 | D:8      | Reached skill level 1 in Evocations
 10953 | D:8      | Learned a level 1 spell: Apportation
 11140 | D:9      | Offered knowledge of Frozen Ramparts by Vehumet.
 11202 | D:9      | Reached skill level 10 in Fighting
 11243 | D:9      | Reached skill level 5 in Translocations
 11871 | D:9      | Reached *** piety under Vehumet
 11955 | D:8      | HP: 3/76 [yak (8)]
 12687 | D:11     | Noticed a manticore
 12720 | D:10     | Found a runed translucent door.
 12724 | D:10     | Noticed mertasd123's ghost (journeyman GnFi)
 12727 | D:10     | Identified the +4 trident of the Swamp {antimagic, rC+
                  | Stlth+}
 12744 | D:10     | Found a staircase to the Lair.
 12781 | D:11     | Noticed a gargoyle
 13805 | D:9      | Noticed a rust devil
 13805 | D:9      | Noticed a rust devil
 13855 | D:10     | Found a transporter.
 13891 | D:10     | Reached skill level 5 in Spellcasting
 13891 | D:10     | Reached skill level 5 in Evocations
 14079 | D:10     | Learned a level 6 spell: Dispersal
 14147 | D:10     | Offered knowledge of Mephitic Cloud by Vehumet.
 14152 | D:10     | Learned a level 3 spell: Teleport Other
 14249 | D:10     | Found a staircase to the Orcish Mines.
 14478 | D:10     | Noticed a spriggan rider
 14685 | D:11     | Reached XP level 11. HP: 67/81 MP: 19/19
 15062 | D:11     | Slain by a manticore

Illustrated notes

Levels and vault maps discovered:
D:1:      lemuel_arrival_hallway, layout_basic, serial_glass, glass_columns_b,
          glass_columns_a, due_unseen_surprise
D:2:      layout_basic, serial_shops, nicolae_shop_gibbet_a_chance,
          minmay_diced_spiral
D:3:      layout_basic, serial_shops, nicolae_shop_advertising_works
          [nicolae_subvault_shop_adworks]
D:4:      layout_loops_corners, nicolae_qazlal_scattered_showers,
          minmay_temple_entry_butterflies, uniq_crazy_yiuf_cottage
D:5:      layout_cave_pools, nicolae_vehumet_radiance,
          mainiacjoe_overflow_divided_tiny, mrwooster_statue_mirror,
          nrook_mini_vaults, minmay_manual_macuahuitl, uniq_ijyb
D:6:      layout_loops_corners, lemuel_doored_altar,
          mainiacjoe_overflow_tiny_flanked, st_stairs_13, nicolae_shop_gadgets
D:7:      layout_gridville, xom_butterflies, serial_shops, shop
D:8:      layout_cave_pods
D:9:      cheibrodos_iron_armory, layout_basic
D:10:     layout_basic, lair_entry_dummy, david_orc_4,
          ebering_ghost_funeral_grove, nicolae_diode_basic
D:11:     layout_basic, serial_shops, nicolae_diamond_shop

Skill      XL: |  1  2  3  4  5  6  7  8  9 10 11 |
---------------+----------------------------------+-----
Short Blades   | 3 4 5 8 9 10 | 10.0
Throwing       | 2 |  2.0
Fighting       | 5 9 10 | 10.0
Translocations | 2 6 7 |  7.0
Spellcasting   | 1 5 |  5.9
Evocations     | 5 |  5.0
Dodging        | |  2.0
Stealth        | |  6.6

Action                     |  1- 3 |  4- 6 |  7- 9 | 10-12 || total
---------------------------+-------+-------+-------+-------++-------
  Melee: Short sword       |     6 |     4 |       |       ||    10
         Tentacles         |     2 |     5 |    61 |   123 ||   191
         Constrict         |     1 |     4 |    33 |    68 ||   106
         Dagger            |       |    21 |   182 |   419 ||   622
         Punch             |       |       |     1 |    16 ||    17
  Throw: Boomerang         |       |       |    29 |       ||    29
         Dart              |       |       |     7 |     7 ||    14
         Javelin           |       |       |       |    16 ||    16
  Evoke: Wand              |       |       |       |    15 ||    15
    Use: Scroll            |       |       |     6 |     3 ||     9
         Potion            |       |       |     1 |     3 ||     4
   Stab: Sleeping          |     2 |     2 |    16 |    34 ||    54
         Distracted        |       |       |       |     5 ||     5
 Armour: Skin              |       |     1 |     3 |    14 ||    18
  Dodge: Dodged            |     4 |    13 |    49 |   149 ||   215

Table legend: (Time is in decaauts)
 A = Elapsed time spent in this place.
 B = Non-inter-level travel time spent in this place.
 C = Inter-level travel time spent in this place.
 D = Time resting spent in this place.
 E = Time spent auto-exploring this place.
 F = Levels seen in this place.
 G = Mean time per level.
                   A        B        C        D        E       F      G
               +--------+--------+--------+--------+--------+-----+--------+
         Total |  14787 |  14206 |    581 |   5140 |   5387 |  11 | 1344.3 |
       Dungeon |  14787 |  14206 |    581 |   5140 |   5387 |  11 | 1344.3 |
               +--------+--------+--------+--------+--------+-----+--------+

Top non-repeatable levels by time:
     D:6: 2972 daAuts
     D:5: 1904 daAuts
     D:9: 1778 daAuts
    D:10: 1728 daAuts
     D:8: 1722 daAuts
     D:4: 1075 daAuts
     D:1: 859 daAuts
     D:2: 836 daAuts
    D:11: 662 daAuts
     D:7: 623 daAuts
     D:3: 623 daAuts
